 Dungeon Crawl Stone Soup version 0.31-a0-128-g25add195a6 (webtiles) character file.

Game seed: 11278854341452395583

75 hikkokomori the Digger (level 3, 0/26 HPs)
             Began as a Demigod Earth Elementalist on June 1, 2023.
             Slain by Grinder (2 damage)
             ... on level 3 of the Dungeon.
             The game lasted 00:02:30 (1660 turns).

hikkokomori the Digger (Demigod Earth Elementalist) Turns: 1660, Time: 00:02:30

Health: 0/26       AC:  2    Str:  9    XL:     3   Next: 88%
Magic:  3/9        EV: 12    Int: 21    God:
Gold:   37         SH:  0    Dex: 14    Spells: 5/6 levels left

rFire   . . .        e - +0 whip
rCold   . . .        (no shield)
rNeg    . . .        a - +0 robe
rPois   .            (no helmet)
rElec   .            (no cloak)
rCorr   .            (no gloves)
SInv    .            (no boots)
Will    .....        (no amulet)
Stlth   ++           (no ring)
HPRegen 0.24/turn    (no ring)
MPRegen 0.11/turn

%: no passive effects
@: no status effects
A: high MP 1, forlorn, divine attributes
a: no special abilities


You were on level 3 of the Dungeon.
You visited 1 branch of the dungeon, and saw 3 of its levels.

You collected 87 gold pieces.
You spent 50 gold pieces at shops.

Inventory:

Hand Weapons
 e - a +0 whip (weapon)
Missiles
 m - 3 javelins
Armour
 a - a +0 robe (worn)
Scrolls
 c - a scroll of enchant weapon {unknown}
 g - a scroll of butterflies
 h - a scroll of noise {unknown}
 i - a scroll of identify
 k - a scroll of teleportation
Potions
 b - a potion of magic
 d - 3 potions of curing
 f - a potion of ambrosia {unknown}
 j - a potion of mutation {unknown}
 l - a potion of might {unknown}


   Skills:
 + Level 2.3 Dodging
 + Level 2.4 Stealth
 + Level 2.2 Spellcasting
 + Level 1.8 Transmutations
 + Level 3.1 Earth Magic


You had 5 spell levels left.
You knew the following spells:

 Your Spells              Type           Power      Damage    Failure   Level
a - Sandblast             Erth           30%        2d9       4%          1

Your spell library contained the following spells:

 Spells                   Type           Power      Damage    Failure   Level
 Passwall                 Tmut/Erth      10%        N/A       8%          2
 Stone Arrow              Conj/Erth      18%        3d8       22%         3
 Petrify                  Tmut/Erth      12%        N/A       45%         4


Dungeon Overview and Level Annotations

Branches:
Dungeon (3/15)

Shops:
D:2 ?

Annotations:
D:3 Grinder


Innate Abilities, Weirdness & Mutations

You have an increased reservoir of magic. (+10% MP)
You shall have no god before yourself.
Your divine heritage dramatically boosts your attributes as you level up.


Message History

Unknown command.
Casting: Sandblast (safe; 4% risk of failure)
Confirm with . or Enter, or press ? or * to list all spells.
Aiming: Sandblast (safe; 4% risk of failure)
Press: ? - help, Shift-Dir - straight line, f/p - Grinder
Aim: Grinder (moderately wounded, 80% to hit)
The blast of sand hits Grinder.
Grinder is heavily wounded.
Grinder closely misses you.
Unknown command.
Casting: Sandblast (safe; 4% risk of failure)
Confirm with . or Enter, or press ? or * to list all spells.
Aiming: Sandblast (safe; 4% risk of failure)
Press: ? - help, Shift-Dir - straight line, f/p - Grinder
Aim: Grinder (heavily wounded, 80% to hit)
The blast of sand hits Grinder.
Grinder is severely wounded.
The frilled lizard barely misses you.
Unknown command.
You aren't carrying any items that you can evoke.
Grinder blinks!
The frilled lizard attacks as you move away!
The frilled lizard barely misses you.
Casting: Sandblast (safe; 4% risk of failure)
Confirm with . or Enter, or press ? or * to list all spells.
Aiming: Sandblast (safe; 4% risk of failure)
Press: ? - help, Shift-Dir - straight line, f - frilled lizard
Aim: a frilled lizard (70% to hit)
The blast of sand hits the frilled lizard!
You kill the frilled lizard!
Unknown command.
Casting: Sandblast (safe; 4% risk of failure)
Confirm with . or Enter, or press ? or * to list all spells.
Aiming: Sandblast (safe; 4% risk of failure)
Press: ? - help, Shift-Dir - straight line, f - Grinder
Aim: Grinder (severely wounded, 80% to hit)
The blast of sand misses Grinder.
Grinder hits you. Grinder hits you!
* * * LOW HITPOINT WARNING * * *
You writhe in agony.
You die...

#...# ...#
...# ..# ...
#†#### #l##†##
#.#.#@###.####
#..###5.......
###.#.########
#.## #.# #.#
#.# #.#
#.###########


You could see Grinder.

Vanquished Creatures
  3 adders (D:2)
  A dart slug (D:1)
  A bat skeleton (D:2)
  A bat zombie (D:2)
  5 endoplasms
  2 giant cockroaches
  5 hobgoblins
  2 quokkas
  2 ball pythons
  3 ball python skeletons (D:2)
  A ball python zombie (D:2)
  4 bats
  6 frilled lizards
  A giant cockroach zombie (D:2)
  4 goblins
  A jackal skeleton (D:2)
  2 kobolds (D:1)
  A quokka zombie (D:2)
  4 rats
49 creatures vanquished.

Notes
Turn   | Place    | Note
-------+----------+-------------------------------------------
     0 | D:1      | hikkokomori the Demigod Earth Elementalist began the quest
                  | for the Orb.
     0 | D:1      | Reached XP level 1. HP: 14/14 MP: 5/5
    55 | D:1      | Reached skill level 1 in Transmutations
   307 | D:1      | Reached XP level 2. HP: 20/20 MP: 4/7
   731 | D:2      | Reached skill level 3 in Earth Magic
   731 | D:2      | Reached XP level 3. HP: 26/26 MP: 3/8
  1121 | D:2      | Found Pelioguz's Magic Scroll Boutique.
  1127 | D:2      | Bought a scroll of teleportation for 30 gold pieces
  1127 | D:2      | Bought a scroll of identify for 20 gold pieces
  1643 | D:3      | Noticed Grinder
  1643 | D:3      | Paralysed by Grinder for 3 turns
  1648 | D:3      | Paralysed by Grinder for 4 turns
  1660 | D:3      | Slain by Grinder

Illustrated notes

Levels and vault maps discovered:
D:1:      lordsloth_arrival_two_stooges, layout_rooms
D:2:      layout_loops_ring, chequers_ecumenical_altar_simple, basic_altar,
          serial_shops, nicolae_shop_peninsula, serial_undead, serial_undead_d,
          serial_undead_b, serial_undead_d, serial_undead_a, serial_undead_f,
          serial_undead_f, serial_undead_f, serial_undead_a, serial_undead_d,
          serial_undead_e, minmay_pentomino_s4
D:3:      layout_loops_ring, mainiacjoe_overflow_catch_the_wave,
          minmay_ruptured, uniq_terence, uniq_ijyb, uniq_natasha, uniq_jessica,
          uniq_grinder

Skill      XL: |  1  2 |
---------------+-------+-----
Transmutations | 1 |  1.8
Stealth        | 2 |  2.4
Dodging        | 2 |  2.3
Spellcasting   | 2 |  2.2
Earth Magic    | 3 |  3.1

Action                     || total
---------------------------++-------
  Melee: Unarmed           ||     1
   Cast: Sandblast         ||    72
    Use: Scroll            ||     2
 Armour: Robe              ||     1
  Dodge: Dodged            ||    14

Table legend: (Time is in decaauts)
 A = Elapsed time spent in this place.
 B = Non-inter-level travel time spent in this place.
 C = Inter-level travel time spent in this place.
 D = Time resting spent in this place.
 E = Time spent auto-exploring this place.
 F = Levels seen in this place.
 G = Mean time per level.
                   A        B        C        D        E       F      G
               +--------+--------+--------+--------+--------+-----+--------+
         Total |   1696 |   1615 |     81 |      0 |   1348 |   3 |  565.3 |
       Dungeon |   1696 |   1615 |     81 |      0 |   1348 |   3 |  565.3 |
               +--------+--------+--------+--------+--------+-----+--------+

Top non-repeatable levels by time:
     D:2: 925 daAuts
     D:1: 718 daAuts
     D:3: 52 daAuts
